[Event "DVM U10 2024"]
[Site "Duesseldorf"]
[Date "2024.12.29"]
[Round "7"]
[White "Guan, Guoyou"]
[Black "Qu, Mengdi"]
[Result "1-0"]
[ECO "B22"]
[WhiteElo "1128"]
[BlackElo "1111"]
[Annotator "NA"]
[PlyCount "159"]
[EventDate "2024.12.23"]
[EventType "team-tourn"]
[EventRounds "7"]
[EventCountry "GER"]
[SourceTitle "playchess.com"]
[Source "ChessBase"]
[SourceQuality "1"]
[TimeControl "3300+5"]

1. e4 c5 2. c3 e6 3. d4 Nc6 4. d5 Ne5 5. Bf4 Bd6 6. Nd2 Nd3+ 7. Bxd3 Bxf4 8. Ngf3 Nf6 9. d6 Qb6 10. Nc4 Qc6 11. e5 Nd5 12. O-O O-O 13. Qe2 f6 14. Qe4 f5 15. Qe2 b6 16. Rab1 a5 17. Nfd2 a4 18. Qh5 Ba6 19. Be2 Bxd2 20. Nxd2 Bxe2 21. Qxe2 a3 22. c4 Nf4 23. Qf3 Qxf3 24. Nxf3 Nd3 25. b3 f4 26. Rbd1 Nb4 27. Rd2 Nc6 28. Re1 Ra5 29. Re4 b5 30. cxb5 Rxb5 31. Ra4 Ra5 32. Rc4 Rf5 33. Re2 g5 34. h3 h6 35. Kh2 Kf7 36. Rce4 Nb4 37. Kg1 Nd5 38. Rc4 Ke8 39. Rec2 Nb4 40. Rxc5 Ra6 41. Rd2 Nc6 42. Re2 Rf8 43. Rec2 Kf7 44. Rb5 Ra7 45. Rb6 Rfa8 46. Rc5 Kg6 47. Rcb5 Na5 48. Nd4 Kh5 49. Kh2 g4 50. hxg4+ Kxg4 51. f3+ Kh4 52. Rb8 h5 53. Rxa8 Rxa8 54. b4 Nc4 55. Rb7 Nxe5 56. b5 Ra4 57. Nb3 Rb4 58. Rb8 Nc4 59. Nc5 Nxd6 60. Nxd7 Rxb5 61. Ra8 Nc4 62. Ra4 Rb2 63. Rxc4 Rxa2 64. Ra4 Ra1 65. Nc5 a2 66. Nxe6 Rh1+ 67. Kxh1 a1=Q+ 68. Rxa1 Kg3 69. Ra8 h4 70. Rf8 h3 71. gxh3 Kf2 72. Rxf4 Kf1 73. h4 Kf2 74. h5 Kg3 75. h6 Kf2 76. h7 Kf1 77. h8=Q Kf2 78. Qd4+ Kg3 79. Qg1+ Kh3 80. Qg4# 1-0

[Event "DVM U10 2024"]
[Site "Duesseldorf"]
[Date "2024.12.29"]
[Round "7"]
[White "Pohlmann, Johannes Leon"]
[Black "Thotli, Jathin Krishna"]
[Result "1-0"]
[ECO "C50"]
[WhiteElo "1127"]
[BlackElo "1422"]
[Annotator "NA"]
[PlyCount "55"]
[EventDate "2024.12.23"]
[EventType "team-tourn"]
[EventRounds "7"]
[EventCountry "GER"]
[SourceTitle "playchess.com"]
[Source "ChessBase"]
[SourceQuality "1"]
[TimeControl "3300+5"]

1. e4 e5 2. Nf3 Nc6 3. Bc4 Nf6 4. d3 Bc5 5. Bg5 h6 6. Bh4 d6 7. h3 Be6 8. Bxe6 fxe6 9. O-O Qd7 10. Bxf6 gxf6 11. Nc3 O-O-O 12. a3 f5 13. exf5 exf5 14. Rb1 Rhg8 15. Kh2 Qg7 16. Nh4 Qg5 17. g3 f4 18. Ne4 fxg3+ 19. fxg3 Qg7 20. Nf5 Qg6 21. b4 Rdf8 22. g4 h5 23. bxc5 hxg4 24. Qxg4 Qh7 25. Ne7+ Kb8 26. Nxg8 Rxg8 27. Qf5 Qg7 28. Rg1 1-0

[Event "DVM U10 2024"]
[Site "Duesseldorf"]
[Date "2024.12.29"]
[Round "7"]
[White "Balla, Virinchi"]
[Black "Liu, Mio Runhan"]
[Result "1-0"]
[ECO "C54"]
[WhiteElo "1123"]
[BlackElo "1198"]
[Annotator "NA"]
[PlyCount "155"]
[EventDate "2024.12.23"]
[EventType "team-tourn"]
[EventRounds "7"]
[EventCountry "GER"]
[SourceTitle "playchess.com"]
[Source "ChessBase"]
[SourceQuality "1"]
[TimeControl "3300+5"]

1. e4 e5 2. Nf3 Nc6 3. Bc4 Bc5 4. c3 Nf6 5. d4 exd4 6. e5 d5 7. Bb5 Ne4 8. cxd4 Bb4+ 9. Bd2 Nxd2 10. Nbxd2 O-O 11. O-O Bg4 12. Nb3 a6 13. Bxc6 bxc6 14. a3 Be7 15. h3 Bh5 16. Qd3 Rb8 17. Na5 Rb6 18. Nd2 Qc8 19. Rac1 Qe6 20. Ndb3 f6 21. Qc3 Be2 22. Rfe1 Bb5 23. Nc5 Bxc5 24. dxc5 Rbb8 25. exf6 Qxf6 26. Qxf6 Rxf6 27. Re7 Rc8 28. Rce1 Kf8 29. Rd7 Rf7 30. Rxf7+ Kxf7 31. b4 Re8 32. Rxe8 Kxe8 33. Kh2 d4 34. Nb3 d3 35. Nd2 Ke7 36. Kg3 Ke6 37. Kf3 Kd5 38. Ke3 g5 39. g3 h5 40. f3 Ke5 41. f4+ Kf5 42. g4+ hxg4 43. hxg4+ Kxg4 44. fxg5 Kxg5 45. Kd4 Kf6 46. Kc3 Ke5 47. Nf3+ Ke4 48. Nd2+ Ke3 49. Nf1+ Kf2 50. Nd2 Ke2 51. Nb1 Ba4 52. Nd2 Bc2 53. Ne4 Bb1 54. Nd2 Ba2 55. Ne4 Bd5 56. Nd2 Bg8 57. Nb1 Bc4 58. Kxc4 d2 59. Nxd2 Kxd2 60. a4 Ke3 61. b5 axb5+ 62. axb5 Ke4 63. b6 cxb6 64. cxb6 Ke5 65. b7 Kd6 66. b8=Q+ Ke6 67. Qc7 Kf5 68. Qxc6 Kf4 69. Qe8 Kf5 70. Kd5 Kf4 71. Qe4+ Kg3 72. Qf5 Kg2 73. Qd3 Kf2 74. Ke4 Kg2 75. Qf3+ Kh2 76. Qg4 Kh1 77. Kf3 Kh2 78. Qg2# 1-0

[Event "DVM U10 2024"]
[Site "Duesseldorf"]
[Date "2024.12.29"]
[Round "7"]
[White "Breaz, Arthur"]
[Black "Golnik, Rasmus"]
[Result "1-0"]
[ECO "C47"]
[WhiteElo "1123"]
[BlackElo "1087"]
[Annotator "NA"]
[PlyCount "231"]
[EventDate "2024.12.23"]
[EventType "team-tourn"]
[EventRounds "7"]
[EventCountry "GER"]
[SourceTitle "playchess.com"]
[Source "ChessBase"]
[SourceQuality "1"]
[TimeControl "3300+5"]

1. e4 e5 2. Nf3 Nf6 3. Nc3 Nc6 4. d4 exd4 5. Nxd4 Bb4 6. Nxc6 bxc6 7. Bd3 d6 8. Bg5 O-O 9. O-O Re8 10. Ne2 h6 11. Bh4 Rb8 12. b3 d5 13. exd5 cxd5 14. Nf4 Qd6 15. Bg3 Qd8 16. Qc1 Bb7 17. c3 Bd6 18. Qd2 Bc6 19. Rfe1 Qd7 20. Rad1 a5 21. Bc2 Rbd8 22. Re2 Bb7 23. Rde1 c5 24. c4 Rxe2 25. Nxe2 Bxg3 26. Nxg3 dxc4 27. Qxd7 Rxd7 28. bxc4 Rd2 29. Bb1 Ba6 30. Rc1 g6 31. Nf1 Rd4 32. Ne3 Ne4 33. a4 Nd6 34. Ba2 Kg7 35. Bb3 Rd3 36. Bd1 Nxc4 37. Be2 Ra3 38. Bxc4 Bxc4 39. Nxc4 Rxa4 40. Nb6 Rb4 41. Nd5 Rd4 42. Ne3 a4 43. Rxc5 a3 44. Ra5 Rd3 45. Kf1 h5 46. Ke2 Rb3 47. Kd1 Rb2 48. Rxa3 Rxf2 49. Ke1 Rb2 50. Ra6 Rb5 51. Kd2 Rb2+ 52. Kc3 Rb5 53. Kc4 Re5 54. Kd4 Re8 55. Kd3 Rd8+ 56. Ke4 Re8+ 57. Kf4 Rc8 58. Ra5 Re8 59. Rg5 Kh7 60. Nd5 Re6 61. Rg3 Kg7 62. Ne3 Rf6+ 63. Ke4 Re6+ 64. Kd4 Rd6+ 65. Kc5 Re6 66. Nf5+ Kg8 67. Kd5 Kf8 68. Nd6 Ke7 69. Nc4 Rf6 70. Re3+ Kd7 71. Ne5+ Kd8 72. Nc6+ Kd7 73. Re7+ Kc8 74. Ne5 Ra6 75. Rxf7 Kb8 76. Nc6+ Kc8 77. Kc5 h4 78. Kb5 Ra2 79. Na5 Rb2+ 80. Kc5 Rc2+ 81. Nc4 g5 82. Kd5 g4 83. Ne3 Rd2+ 84. Ke6 Re2 85. Rf8+ Kc7 86. Rf7+ Kc6 87. Kf5 Rxe3 88. Kxg4 Re2 89. Kf3 Re5 90. g4 hxg3 91. hxg3 Rg5 92. Kf4 Rg6 93. g4 Kd6 94. Kf5 Rg8 95. g5 Kd5 96. g6 Kd6 97. g7 Kd5 98. Kf6 Kd6 99. Rf8 Rxf8+ 100. gxf8=Q+ Kd5 101. Qe8 Kd4 102. Kf5 Kd3 103. Kf4 Kd4 104. Qd8+ Kc5 105. Ke5 Kc4 106. Ke4 Kc5 107. Qd1 Kc6 108. Ke5 Kc7 109. Ke6 Kc6 110. Qc1+ Kb5 111. Kd6 Kb4 112. Kd5 Kb3 113. Kd4 Kb4 114. Qb1+ Ka5 115. Kc5 Ka6 116. Qb6# 1-0

[Event "DVM U10 2024"]
[Site "Duesseldorf"]
[Date "2024.12.29"]
[Round "7"]
[White "Dres, Friedrich"]
[Black "Rogozhin, Georg"]
[Result "1-0"]
[ECO "C54"]
[WhiteElo "1123"]
[BlackElo "1232"]
[Annotator "NA"]
[PlyCount "127"]
[EventDate "2024.12.23"]
[EventType "team-tourn"]
[EventRounds "7"]
[EventCountry "GER"]
[SourceTitle "playchess.com"]
[Source "ChessBase"]
[SourceQuality "1"]
[TimeControl "3300+5"]

1. e4 e5 2. Nf3 Nc6 3. Bc4 Bc5 4. c3 Nf6 5. d4 exd4 6. e5 Ne4 7. cxd4 Bb4+ 8. Nbd2 d5 9. exd6 cxd6 10. O-O Nxd2 11. Bxd2 Bxd2 12. Qxd2 d5 13. Rfe1+ Be6 14. Bb3 O-O 15. Rad1 Re8 16. Ba4 Qd6 17. Ne5 a6 18. Rc1 Rac8 19. Nxc6 b5 20. Bb3 Rxc6 21. Rxc6 Qxc6 22. Rc1 Qd6 23. a4 b4 24. Rc5 Rb8 25. Qg5 h6 26. Qh5 Rd8 27. Qe2 Rc8 28. Qc2 Rxc5 29. Qxc5 Qxc5 30. dxc5 Kf8 31. Kf1 Ke7 32. a5 Kd7 33. Ba4+ Kc7 34. Ke2 Bd7 35. Bxd7 Kxd7 36. Kd3 Kc6 37. Kd4 f6 38. f4 g6 39. g4 g5 40. f5 b3 41. h3 Kc7 42. Kxd5 Kd7 43. c6+ Kc8 44. Ke6 Kc7 45. Kxf6 Kxc6 46. Ke6 Kc5 47. f6 Kd4 48. f7 Kd3 49. f8=Q Kc2 50. Qf6 Kb1 51. Kd5 Ka2 52. Kd4 Kxb2 53. Qxh6 Kc2 54. Qxg5 b2 55. Qf5+ Kc1 56. g5 b1=Q 57. Qxb1+ Kxb1 58. g6 Kb2 59. g7 Kb3 60. g8=Q+ Kb4 61. Qd5 Ka3 62. Qb7 Ka4 63. Kc4 Kxa5 64. Qb4# 1-0

[Event "DVM U10 2024"]
[Site "Duesseldorf"]
[Date "2024.12.29"]
[Round "7"]
[White "Artarov, Rina"]
[Black "Busch, Jonathan Luis"]
[Result "0-1"]
[ECO "A45"]
[WhiteElo "1122"]
[BlackElo "1655"]
[Annotator "NA"]
[PlyCount "78"]
[EventDate "2024.12.23"]
[EventType "team-tourn"]
[EventRounds "7"]
[EventCountry "GER"]
[SourceTitle "playchess.com"]
[Source "ChessBase"]
[SourceQuality "1"]
[TimeControl "3300+5"]

1. d4 Nf6 2. Bf4 e6 3. Nc3 c5 4. Nf3 Nc6 5. Nb5 Qa5+ 6. Nc3 cxd4 7. Nxd4 Qb4 8. Qc1 Nxd4 9. e3 Nc6 10. Bd3 a6 11. O-O Be7 12. e4 e5 13. Bd2 Qd6 14. f4 Qb8 15. fxe5 Nxe5 16. Bf4 d6 17. Be2 Be6 18. Kh1 O-O 19. Qe1 Ng6 20. Be3 d5 21. exd5 Nxd5 22. Bd4 Qc7 23. Bd3 Qd6 24. Rd1 Rae8 25. Na4 Qb4 26. Bxg6 hxg6 27. Nc3 Nxc3 28. Bxc3 Qg4 29. Qe5 Bf6 30. Qe3 Bc4 31. Qf3 Qxf3 32. Rxf3 Be2 33. Rxf6 Bxd1 34. Rf1 Bxc2 35. Rc1 Rd8 36. h3 Rd1+ 37. Rxd1 Bxd1 38. Bb4 Rc8 39. Bc5 Rxc5 0-1

[Event "DVM U10 2024"]
[Site "Duesseldorf"]
[Date "2024.12.29"]
[Round "7"]
[White "Sander, Bela"]
[Black "von der Thüsen, Gottfried"]
[Result "0-1"]
[ECO "C50"]
[WhiteElo "1117"]
[BlackElo "1041"]
[Annotator "NA"]
[PlyCount "126"]
[EventDate "2024.12.23"]
[EventType "team-tourn"]
[EventRounds "7"]
[EventCountry "GER"]
[SourceTitle "playchess.com"]
[Source "ChessBase"]
[SourceQuality "1"]
[TimeControl "3300+5"]

1. e4 e5 2. Nf3 Nc6 3. Bc4 Bc5 4. d3 Nf6 5. Bg5 d6 6. h3 h6 7. Bh4 Be6 8. Bxe6 fxe6 9. Nc3 d5 10. Bxf6 gxf6 11. exd5 exd5 12. O-O Qd6 13. Qd2 O-O-O 14. Ne2 Qe6 15. c3 Rdg8 16. Kh2 Rg6 17. g3 h5 18. b4 Bd6 19. Rg1 e4 20. Nfd4 Nxd4 21. Nxd4 Qd7 22. dxe4 Be5 23. exd5 Qxd5 24. Rad1 Bxd4 25. Qxd4 Qxd4 26. Rxd4 Rd8 27. Rxd8+ Kxd8 28. Rd1+ Ke7 29. Rd4 Rg5 30. Kg2 Rf5 31. g4 hxg4 32. hxg4 Rg5 33. Kg3 Ke6 34. f4 Rg7 35. Kh4 Rh7+ 36. Kg3 Rg7 37. f5+ Ke5 38. Kf3 b5 39. Re4+ Kd5 40. Kf4 Rxg4+ 41. Kxg4 Kxe4 42. a3 a6 43. Kg3 Kxf5 44. Kf3 c6 45. Ke3 Ke5 46. Kf3 Kd5 47. Ke3 Kc4 48. Kd2 f5 49. Kc2 f4 50. Kd2 f3 51. Ke3 Kxc3 52. Kxf3 Kb3 53. Ke4 Kxa3 54. Kd4 Kxb4 55. Kd3 Kb3 56. Kd2 Kb2 57. Kd3 a5 58. Kd4 a4 59. Kc5 a3 60. Kb4 a2 61. Kc5 a1=Q 62. Kb4 Qc1 63. Ka5 Qc5 0-1

[Event "DVM U10 2024"]
[Site "Duesseldorf"]
[Date "2024.12.29"]
[Round "7"]
[White "Naveen, Yuvaan"]
[Black "Satheesh, Dharshini"]
[Result "0-1"]
[ECO "D02"]
[WhiteElo "1110"]
[BlackElo "1643"]
[Annotator "NA"]
[PlyCount "76"]
[EventDate "2024.12.23"]
[EventType "team-tourn"]
[EventRounds "7"]
[EventCountry "GER"]
[SourceTitle "playchess.com"]
[Source "ChessBase"]
[SourceQuality "1"]
[TimeControl "3300+5"]

1. d4 d5 2. Bf4 Bf5 3. e3 Nf6 4. c3 e6 5. Nf3 c5 6. Nbd2 Be7 7. Ne5 Nc6 8. Bb5 Qb6 9. Qa4 Rc8 10. Ndf3 O-O 11. Bxc6 bxc6 12. Qb3 Rfd8 13. Qxb6 axb6 14. Bg5 cxd4 15. exd4 h6 16. Bxf6 gxf6 17. g4 Be4 18. Rg1 fxe5 19. Nxe5 f6 20. g5 fxe5 21. gxh6+ Kh8 22. Kd2 Rg8 23. dxe5 Bg5+ 24. Ke2 Bxh6 25. f3 Rxg1 26. Rxg1 Bf5 27. a4 Rg8 28. Rxg8+ Kxg8 29. b4 Bf4 30. a5 bxa5 31. bxa5 Bxe5 32. a6 Bb8 33. Ke3 e5 34. h4 Bc8 35. Kf2 Bxa6 36. h5 Ba7+ 37. Ke1 Kh7 38. Kd2 Kh6 0-1

[Event "DVM U10 2024"]
[Site "Duesseldorf"]
[Date "2024.12.29"]
[Round "7"]
[White "Luible, Sebastian"]
[Black "Zielke, Mika"]
[Result "1/2-1/2"]
[ECO "D05"]
[WhiteElo "1104"]
[BlackElo "1623"]
[Annotator "NA"]
[PlyCount "103"]
[EventDate "2024.12.23"]
[EventType "team-tourn"]
[EventRounds "7"]
[EventCountry "GER"]
[SourceTitle "playchess.com"]
[Source "ChessBase"]
[SourceQuality "1"]
[TimeControl "3300+5"]

1. d4 Nf6 2. Nf3 d5 3. e3 c5 4. Bd3 Nc6 5. c3 e6 6. Nbd2 cxd4 7. cxd4 Bd6 8. a3 Bd7 9. Qe2 O-O 10. e4 dxe4 11. Nxe4 Nxe4 12. Qxe4 f5 13. Qe2 Qb6 14. Qe3 Rae8 15. O-O e5 16. Ng5 Qxd4 17. Qxd4 Nxd4 18. Be3 h6 19. Bc4+ Ne6 20. Rad1 hxg5 21. Rxd6 Bc8 22. Bxg5 Kh7 23. Bxe6 Rxe6 24. Rxe6 Bxe6 25. Re1 e4 26. f3 Bd5 27. Kf2 Rc8 28. Re2 Kg6 29. fxe4 Bxe4 30. h4 Rc6 31. g3 Rb6 32. Be3 Rb3 33. Rd2 a6 34. Re2 Kh7 35. Rd2 Kg6 36. Rd6+ Kh7 37. Rd2 Kg6 38. Bf4 Rd3 39. Rxd3 Bxd3 40. Ke3 Be4 41. b4 Kf7 42. Kd4 g6 43. g4 Ke6 44. h5 Kf7 45. gxf5 Bxf5 46. h6 Kg8 47. Ke5 Kh7 48. Kf6 Be4 49. Kf7 Bc6 50. Kf6 Bd5 51. Ke5 Bh1 52. Kf6 1/2-1/2

[Event "DVM U10 2024"]
[Site "Duesseldorf"]
[Date "2024.12.29"]
[Round "7"]
[White "Kutschenreuter, Leo"]
[Black "Mettenbrink, Tammo"]
[Result "0-1"]
[ECO "C47"]
[WhiteElo "1085"]
[BlackElo "1029"]
[Annotator "NA"]
[PlyCount "124"]
[EventDate "2024.12.23"]
[EventType "team-tourn"]
[EventRounds "7"]
[EventCountry "GER"]
[SourceTitle "playchess.com"]
[Source "ChessBase"]
[SourceQuality "1"]
[TimeControl "3300+5"]

1. e4 e5 2. Nf3 Nc6 3. Nc3 Nf6 4. a3 d5 5. d3 Bg4 6. Be2 Bc5 7. Bg5 O-O 8. exd5 Bxf3 9. Bxf3 Nd4 10. Qd2 Qd7 11. Bxf6 gxf6 12. O-O-O Qe7 13. h4 b5 14. Rdf1 b4 15. axb4 Bxb4 16. Qh6 Nf5 17. Qh5 Ng7 18. Qg4 Kh8 19. h5 f5 20. Qg3 Bd6 21. h6 Ne8 22. Re1 Qf6 23. Nb5 Rg8 24. Qh4 Qxh4 25. Rxh4 Bc5 26. Re2 f6 27. c3 a6 28. Na3 Bxa3 29. bxa3 Nd6 30. d4 e4 31. Bh5 Rxg2 32. Kd2 Nc4+ 33. Kc2 Rb8 34. Rh1 Rb2+ 35. Kc1 Rxf2 36. Rxf2 Rxf2 37. Rd1 Nxa3 38. Re1 Rh2 39. Bd1 Rxh6 40. Kb2 Nb5 41. Ba4 Rh2+ 42. Kb3 Rd2 43. Kc4 Rd3 44. Rc1 Rg3 45. Bxb5 axb5+ 46. Kxb5 e3 47. Kc6 e2 48. Kxc7 Rxc3+ 49. Rxc3 e1=Q 50. Rc6 Qa5+ 51. Kd6 Qb4+ 52. Ke6 Qxd4 53. d6 Qe4+ 54. Kxf6 Qxc6 55. Ke7 f4 56. d7 Qxd7+ 57. Kxd7 f3 58. Ke7 f2 59. Kf6 f1=Q+ 60. Kg5 Qf3 61. Kh6 Qg3 62. Kh5 Kg8 0-1

[Event "DVM U10 2024"]
[Site "Duesseldorf"]
[Date "2024.12.29"]
[Round "7"]
[White "Städler, Jannis"]
[Black "Torgoev, Timur"]
[Result "0-1"]
[ECO "C68"]
[WhiteElo "1082"]
[BlackElo "1153"]
[Annotator "NA"]
[PlyCount "66"]
[EventDate "2024.12.23"]
[EventType "team-tourn"]
[EventRounds "7"]
[EventCountry "GER"]
[SourceTitle "playchess.com"]
[Source "ChessBase"]
[SourceQuality "1"]
[TimeControl "3300+5"]

1. e4 e5 2. Nf3 Nc6 3. Bb5 a6 4. Bxc6 dxc6 5. Nxe5 Qd4 6. Ng4 Qxe4+ 7. Ne3 Bc5 8. O-O Nf6 9. Nc3 Qe7 10. d4 Bd6 11. Nc4 O-O 12. Re1 Qd8 13. Bg5 Be6 14. Qd3 b5 15. Ne3 h6 16. Bh4 b4 17. Ne4 Bf4 18. Nxf6+ gxf6 19. c4 bxc3 20. bxc3 Bg5 21. Nf5 Bxf5 22. Qxf5 Bxh4 23. Re4 Bg5 24. h4 Bd2 25. Rg4+ Kh8 26. Qh5 Rg8 27. Re4 Qd5 28. Qf3 Rae8 29. Qxf6+ Kh7 30. f3 Rxe4 31. fxe4 Qxe4 32. g4 Rxg4+ 33. Kf2 Qg2# 0-1

[Event "DVM U10 2024"]
[Site "Duesseldorf"]
[Date "2024.12.29"]
[Round "7"]
[White "Schacht, Jakob Otto"]
[Black "Chen, Aimée"]
[Result "1-0"]
[ECO "C45"]
[WhiteElo "1064"]
[BlackElo "1090"]
[Annotator "NA"]
[PlyCount "149"]
[EventDate "2024.12.23"]
[EventType "team-tourn"]
[EventRounds "7"]
[EventCountry "GER"]
[SourceTitle "playchess.com"]
[Source "ChessBase"]
[SourceQuality "1"]
[TimeControl "3300+5"]

1. e4 e5 2. Nf3 Nc6 3. d4 exd4 4. Nxd4 Nxd4 5. Qxd4 d6 6. Nc3 Nf6 7. Bc4 Be7 8. Bf4 O-O 9. O-O-O Be6 10. h4 Nh5 11. Be3 Bf6 12. Qd3 Bxc3 13. Qxc3 c6 14. Be2 Nf6 15. f3 h6 16. g4 a5 17. g5 hxg5 18. hxg5 Nd7 19. Rh2 Re8 20. Rdh1 Kf8 21. f4 Nc5 22. Bxc5 Ke7 23. Be3 Rg8 24. f5 Bc8 25. f6+ gxf6 26. Qxf6+ Ke8 27. Qxd8+ Kxd8 28. Rh8 Rxh8 29. Rxh8+ Ke7 30. Bc4 b5 31. Be2 Bb7 32. Rxa8 Bxa8 33. Kd2 c5 34. Bxb5 Bxe4 35. Kc3 Kd8 36. Bc4 Bg6 37. Bf4 Kc7 38. Kb3 Kc6 39. c3 d5 40. Be2 Kb6 41. Be3 Bb1 42. Bh5 Bg6 43. Bxg6 fxg6 44. Kc2 Kc6 45. Kd3 Kd6 46. Ke2 c4 47. b3 Ke5 48. Bb6 Kf5 49. Bxa5 Kxg5 50. Bb6 Kf4 51. bxc4 dxc4 52. a4 Ke5 53. a5 Kd5 54. Kd2 g5 55. Kc2 Kc6 56. Kb2 Kb5 57. Kc2 g4 58. Kd2 g3 59. Ke2 g2 60. Kf2 g1=Q+ 61. Kxg1 Ka6 62. Kf2 Kb5 63. Ke3 Ka6 64. Ke4 Kb5 65. Kd4 Ka6 66. Kxc4 Kb7 67. Kb5 Ka8 68. c4 Kb8 69. Ka6 Ka8 70. c5 Kb8 71. Bd8 Ka8 72. c6 Kb8 73. c7+ Kc8 74. Kb6 Kd7 75. Kb7 1-0

[Event "DVM U10 2024"]
[Site "Duesseldorf"]
[Date "2024.12.29"]
[Round "7"]
[White "Bauta, Luan"]
[Black "Bashirova, Sona"]
[Result "0-1"]
[ECO "B13"]
[WhiteElo "1063"]
[BlackElo "1626"]
[Annotator "NA"]
[PlyCount "76"]
[EventDate "2024.12.23"]
[EventType "team-tourn"]
[EventRounds "7"]
[EventCountry "GER"]
[SourceTitle "playchess.com"]
[Source "ChessBase"]
[SourceQuality "1"]
[TimeControl "3300+5"]

1. e4 c6 2. d4 d5 3. exd5 cxd5 4. Nf3 Nf6 5. Nc3 Bg4 6. Be2 e6 7. h3 Bxf3 8. Bxf3 Nc6 9. O-O Be7 10. Bg5 O-O 11. Bxf6 Bxf6 12. Ne2 Qb6 13. c3 Qxb2 14. Rb1 Qxa2 15. Rxb7 Qa6 16. Rb1 Rab8 17. Qd2 Rxb1 18. Rxb1 Rc8 19. Re1 Qc4 20. Nf4 Ne7 21. Qd3 Qxd3 22. Nxd3 Rxc3 23. Nf4 h6 24. Ra1 Bxd4 25. Re1 Rc2 26. Rf1 Nf5 27. Kh2 Bxf2 28. Ne2 Bh4 29. g3 Nxg3 30. Rf2 d4 31. Kg2 Nxe2 32. Rxe2 d3 33. Rxc2 dxc2 34. Kh2 c1=Q 35. Bg2 Qf4+ 36. Kh1 Bg3 37. Kg1 Qf2+ 38. Kh1 Qe1+ 0-1

[Event "DVM U10 2024"]
[Site "Duesseldorf"]
[Date "2024.12.29"]
[Round "7"]
[White "Müller, Charlie Erik"]
[Black "Mätz, Mark"]
[Result "1-0"]
[ECO "B32"]
[WhiteElo "1043"]
[BlackElo "767"]
[Annotator "NA"]
[PlyCount "151"]
[EventDate "2024.12.23"]
[EventType "team-tourn"]
[EventRounds "7"]
[EventCountry "GER"]
[SourceTitle "playchess.com"]
[Source "ChessBase"]
[SourceQuality "1"]
[TimeControl "3300+5"]

1. e4 c5 2. Nf3 Nc6 3. Nc3 Nf6 4. d4 cxd4 5. Nxd4 Nxd4 6. Qxd4 d6 7. Qa4+ Bd7 8. Bb5 e5 9. Bxd7+ Nxd7 10. O-O Be7 11. Qc4 O-O 12. Qe2 Nf6 13. Qf3 Re8 14. Re1 Qd7 15. Bg5 Qg4 16. Qxg4 Nxg4 17. Bxe7 Rxe7 18. Nd5 Rd7 19. h3 Nh6 20. Rad1 Rad8 21. Re3 f5 22. exf5 Nxf5 23. Rf3 Rf8 24. c3 e4 25. Rf4 Ne7 26. Rxe4 Nxd5 27. Rxd5 Rfd8 28. b3 Rc7 29. c4 b6 30. a4 a6 31. b4 h6 32. a5 bxa5 33. bxa5 Kh7 34. Rd3 Rcd7 35. Kh2 d5 36. Rxd5 Rxd5 37. cxd5 Rxd5 38. Ra4 g5 39. g4 Kg6 40. f3 h5 41. Kg3 h4+ 42. Kf2 Kf6 43. f4 Rc5 44. fxg5+ Kxg5 45. Ra3 Kf6 46. Kf3 Ke5 47. Re3+ Kf6 48. Ra3 Ke6 49. Kf4 Kf6 50. Kf3 Ke6 51. Kf4 Rc4+ 52. Kg5 Kd6 53. Rb3 Rc5+ 54. Kxh4 Rxa5 55. g5 Kc5 56. Rg3 Rb5 57. g6 Rb8 58. g7 Rh8+ 59. Kg5 Kd6 60. Kg6 Ke7 61. Rg4 a5 62. Rh4 Rg8 63. Rh8 Rxh8 64. gxh8=Q a4 65. Qa1 a3 66. Qxa3+ Ke6 67. Qa5 Kd6 68. Kf5 Kc6 69. Ke4 Kd6 70. Qd5+ Kc7 71. Qe6 Kb7 72. Kd5 Kc7 73. Qc6+ Kb8 74. Qd7 Ka8 75. Kc6 Kb8 76. Qb7# 1-0

[Event "DVM U10 2024"]
[Site "Duesseldorf"]
[Date "2024.12.29"]
[Round "7"]
[White "Satheesh, Yazhini"]
[Black "Wüstenberg, Jan"]
[Result "1-0"]
[ECO "B50"]
[WhiteElo "1023"]
[BlackElo "1221"]
[Annotator "NA"]
[PlyCount "73"]
[EventDate "2024.12.23"]
[EventType "team-tourn"]
[EventRounds "7"]
[EventCountry "GER"]
[SourceTitle "playchess.com"]
[Source "ChessBase"]
[SourceQuality "1"]
[TimeControl "3300+5"]

1. e4 c5 2. Nc3 d6 3. Nf3 Nf6 4. Bb5+ Nbd7 5. d3 a6 6. Ba4 b5 7. Bb3 Bb7 8. a3 e6 9. O-O Be7 10. Bg5 h6 11. Be3 Qc7 12. Re1 d5 13. exd5 exd5 14. Bd2 O-O 15. Rxe7 Qd6 16. Re1 Rfe8 17. Rxe8+ Rxe8 18. Rb1 Ng4 19. h3 d4 20. hxg4 dxc3 21. Bxc3 Nf6 22. Nh2 Qc6 23. Qf3 Qd7 24. Qg3 c4 25. dxc4 bxc4 26. Bxc4 Ne4 27. Qh3 Qc6 28. Bb3 Ng5 29. Qg3 Ne4 30. Qf3 Qc7 31. Qh3 Qc6 32. Nf3 Ng5 33. Nxg5 hxg5 34. Qg3 Kh8 35. Bxf7 Rf8 36. Qh3+ Qh6 37. Qxh6# 1-0

[Event "DVM U10 2024"]
[Site "Duesseldorf"]
[Date "2024.12.29"]
[Round "7"]
[White "Lankenau, Matteo Joel"]
[Black "Pereira, Jefferson Luis de S."]
[Result "1-0"]
[ECO "C50"]
[WhiteElo "1011"]
[BlackElo "1932"]
[Annotator "NA"]
[PlyCount "139"]
[EventDate "2024.12.23"]
[EventType "team-tourn"]
[EventRounds "7"]
[EventCountry "GER"]
[SourceTitle "playchess.com"]
[Source "ChessBase"]
[SourceQuality "1"]
[TimeControl "3300+5"]

1. e4 e5 2. Nf3 Nc6 3. Bc4 Nf6 4. d3 Bc5 5. Nc3 d6 6. Bg5 Bg4 7. Nd5 h6 8. Nxf6+ gxf6 9. Bh4 Qe7 10. Bb5 a6 11. Bxc6+ bxc6 12. O-O Qe6 13. h3 Bxh3 14. Ne1 Rg8 15. Qf3 Rb8 16. b3 Bb4 17. Kh1 Bxe1 18. gxh3 Bc3 19. Rab1 d5 20. Rg1 Kd7 21. Rxg8 Rxg8 22. Rg1 Rxg1+ 23. Kxg1 a5 24. Bxf6 dxe4 25. dxe4 Bd4 26. Kg2 a4 27. Qf5 Qxf5 28. exf5 axb3 29. axb3 Kd6 30. Bg7 Ke7 31. Bxh6 Kf6 32. Be3 Bxe3 33. fxe3 Kxf5 34. Kf3 Kg5 35. e4 Kh4 36. Kg2 f6 37. b4 Kg5 38. Kf3 f5 39. exf5 Kxf5 40. h4 e4+ 41. Ke3 Ke5 42. h5 Kf5 43. h6 Kg6 44. Kxe4 Kxh6 45. Ke5 Kg7 46. Ke6 Kf8 47. Kd7 Kf7 48. Kxc6 Ke6 49. b5 Ke5 50. Kxc7 Kd4 51. b6 Kc3 52. b7 Kxc2 53. b8=Q Kc3 54. Qb5 Kd4 55. Qc6 Ke5 56. Qd7 Kf6 57. Qe8 Kf5 58. Qe7 Kg6 59. Qf8 Kg5 60. Qf7 Kg4 61. Qf6 Kg3 62. Qf5 Kg2 63. Qf4 Kg1 64. Qf3 Kh2 65. Qg4 Kh1 66. Kd6 Kh2 67. Ke5 Kh1 68. Kf4 Kh2 69. Kf3 Kh1 70. Qg2# 1-0

[Event "DVM U10 2024"]
[Site "Duesseldorf"]
[Date "2024.12.29"]
[Round "7"]
[White "Kolesnikoff, Christophe"]
[Black "Studdert, Levi"]
[Result "1-0"]
[ECO "B07"]
[WhiteElo "980"]
[BlackElo "1234"]
[Annotator "NA"]
[PlyCount "145"]
[EventDate "2024.12.23"]
[EventType "team-tourn"]
[EventRounds "7"]
[EventCountry "GER"]
[SourceTitle "playchess.com"]
[Source "ChessBase"]
[SourceQuality "1"]
[TimeControl "3300+5"]

1. e4 d6 2. Nf3 Nf6 3. Nc3 g6 4. Bc4 Bg7 5. d3 O-O 6. Be3 Nbd7 7. Qd2 c5 8. O-O-O e5 9. Bh6 a6 10. Bd5 Nb6 11. h3 Be6 12. Bxb7 Ra7 13. Bxg7 Kxg7 14. Bc6 Qc7 15. Ba4 Qb7 16. g4 Nxe4 17. Nxe4 Nxa4 18. b3 Nb6 19. Nfg5 Qe7 20. f4 f5 21. Nf2 exf4 22. Nxe6+ Qxe6 23. Qxf4 fxg4 24. Qg3 gxh3 25. Nxh3 Qe5 26. Qxe5+ dxe5 27. Ng5 Kg8 28. Rh2 Nd7 29. Rdh1 Nf6 30. Ne6 Rc8 31. Kd2 Re7 32. Ng5 Rce8 33. Kc3 h5 34. Kc4 Rc7 35. Rf1 Ng4 36. Re2 Kg7 37. a4 Rd8 38. Ne6+ Kh6 39. Nxc7 h4 40. Ne6 Rc8 41. Rh1 g5 42. Re4 Nf2 43. Rhxh4+ gxh4 44. Rxh4+ Kg6 45. Rh2 Ng4 46. Rg2 Kf5 47. Ng7+ Kf4 48. Ne6+ Kf5 49. Ng7+ Kf4 50. Nh5+ Kf3 51. Rg3+ Kf2 52. Rxg4 Kf3 53. Rg3+ Kf2 54. Kd5 Rh8 55. Rg5 Kf3 56. Kxe5 Re8+ 57. Kd5 Rd8+ 58. Kxc5 Rc8+ 59. Kb6 Rxc2 60. Kxa6 Rc3 61. Rf5+ Kg4 62. Rb5 Rxd3 63. Nf6+ Kf4 64. Nh5+ Ke4 65. Rb4+ Ke3 66. a5 Kd2 67. Kb5 Rd5+ 68. Ka4 Rxh5 69. a6 Rh8 70. Ka5 Kc3 71. Rb7 Kd4 72. a7 Kc5 73. Rb6 1-0